 Dungeon Crawl Stone Soup version 0.31-a0-176-g91f28db67f (webtiles) character file.

Game seed: 11086692988505551509

3149 qw the Skirmisher (level 9, 0/86 HPs)
             Began as a Naga Hunter on June 17, 2023.
             Was an Initiate of Okawaru.
             Slain by a two-headed ogre
             ... wielding a +0 giant spiked club
              (2 damage)
             ... on level 7 of the Dungeon.
             The game lasted 00:02:33 (6541 turns).

qw the Skirmisher (Naga Hunter)                     Turns: 6541, Time: 00:02:34

Health: 0/86       AC: 15    Str: 13    XL:     9   Next: 93%
Magic:  9/9        EV: 11    Int:  9    God:    Okawaru [......]
Gold:   61         SH:  0    Dex: 20    Spells: 8/8 levels left

rFire   . . .        Y - +0 orcbow
rCold   . . .        (shield currently unavailable)
rNeg    + . .        o - +3 leather armour
rPois   +            (helmet restricted)
rElec   .            (no cloak)
rCorr   .            (no gloves)
SInv    +            (no barding)
Will    +....        p - amulet of the acrobat
Stlth   ++           g - +4 ring of protection
HPRegen 0.34/turn    m - ring of positive energy
MPRegen 0.11/turn

%: acrobat
@: about to teleport, short of breath, very slow
A: AC +3, large, see invisible, deformed body, poison resistance, slowness 2,
spit poison 1, naga tail 1, horns 1, iridescent scales 2
a: Spit Poison, Renounce Religion


You were on level 7 of the Dungeon.
You worshipped Okawaru.
Okawaru was noncommittal.
You visited 2 branches of the dungeon, and saw 9 of its levels.

You collected 364 gold pieces.
You spent 303 gold pieces at shops.


Innate Abilities, Weirdness & Mutations

Your serpentine skin is tough. (AC +3)
You have supernaturally acute eyesight. (SInv)
Armour fits poorly on your strangely shaped body.
Your system is resistant to poisons. (rPois)
You cover ground very slowly.
You can spit poison.
You have a snake-like lower body.
You have a pair of small horns on your head.
You are mostly covered in iridescent scales. (AC +4)


   Skills:
 - Level 7.0 Fighting
 + Level 10.9 Ranged Weapons
 - Level 1.0 Armour
 - Level 3.0 Dodging
 - Level 1.5 Stealth


You had 8 spell levels left.
You didn't know any spells.
Your spell library was empty.

Inventory:

Hand Weapons
 Y - a +0 orcbow (weapon)
Armour
 o - a +3 leather armour (worn)
Jewellery
 g - a +4 ring of protection (left hand)
 m - a ring of positive energy (right hand)
 p - an amulet of the acrobat (around neck)
Scrolls
 a - a scroll of teleportation
 e - a scroll of identify
Potions
 b - 4 potions of resistance
 c - a potion of enlightenment
 d - a potion of lignification {unknown}
 i - 2 potions of curing
 j - a potion of cancellation {unknown}
 k - a potion of haste {unknown}

Dungeon Overview and Level Annotations

Branches:
Dungeon (8/15)             Temple (1/1) D:7
   Lair: D:8-11

Altars:
Ashenzari
Cheibriados
Dithmenos
Elyvilon
Fedhas
Gozag
Hepliaklqana
Kikubaaqudgha
Makhleb
Nemelex Xobeh
Okawaru
Qazlal
Ru
Sif Muna
Trog
Uskayaw
Vehumet
Wu Jian
Yredelemnul
Zin
The Shining One

Shops:
D:1 *   D:7 !


Message History

6532 ||| STAIRDANCE You climb upwards.
You have got your breath back.
There is a stone staircase leading down here.
6534 ||| INVOKING Spit Poison.
Aiming: Spit Poison (1% risk of failure)
Press: ? - help, Shift-Dir - straight line, f - two-headed ogre The splash of poison misses the two-headed ogre.
The two-headed ogre barely misses you. x2
You shoot an arrow. The arrow hits the two-headed ogre!
The two-headed ogre is moderately wounded.
The two-headed ogre hits you with a +0 giant spiked club!!
The two-headed ogre hits you but does no damage.
You shoot an arrow.
The arrow hits the two-headed ogre but does no damage.
The two-headed ogre is moderately wounded.
You shoot an arrow. The arrow hits the two-headed ogre.
The two-headed ogre is moderately wounded.
The two-headed ogre hits you with a +0 giant spiked club!
The two-headed ogre hits you with a +0 dire flail!
6538 ||| READING 2 scrolls of teleportation.
As you read the scroll of teleportation, it crumbles to dust.
You feel strangely unstable.
The two-headed ogre hits you with a +0 giant spiked club!
The two-headed ogre hits you with a +0 dire flail.
You shoot an arrow. The arrow hits the two-headed ogre!
The two-headed ogre is heavily wounded.
You have got your breath back.
6540 ||| INVOKING Spit Poison.
Aiming: Spit Poison (1% risk of failure)
Press: ? - help, Shift-Dir - straight line, f/p - two-headed ogre The splash of poison hits the two-headed ogre.
The two-headed ogre is severely wounded.
The two-headed ogre hits you with a +0 giant spiked club.
The two-headed ogre hits you but does no damage.
You shoot an arrow. The arrow hits the two-headed ogre.
The two-headed ogre is severely wounded.
The two-headed ogre closely misses you.
The two-headed ogre hits you with a +0 dire flail.
You die...

#.#### #.# ########.#
#......#.## #
#.#.......# #
#.#.##.#..###
#########.#.<#.......
#.........###########
#.##@O...............
#.##..))#####...#####
#.....#[))#####.####
#####.###....##...^##
#.# ##...'....... #.#
#...#####.## #.#
#...# #..#
##+####...# ##.#
#.........# #.#


You could see a two-headed ogre.

Vanquished Creatures
  Grinder (D:3)
  Sigmund (D:3)
  A steam dragon (D:7)
  2 orc warriors
  2 sky beasts
  2 ice beasts
  An ogre (D:6)
  A centaur (D:4)
  A phantom (D:6)
  A kobold brigand (D:7)
  Blork the orc (D:6)
  5 bullfrogs
  4 scorpions
  A gnoll sergeant (D:7)
  4 wights (D:6)
  A howler monkey (D:6)
  4 orc priests
  4 hounds
  A jelly (D:5)
  4 iguanas
  Terence (D:2)
  3 orc wizards
  4 gnolls (D:7)
  9 adders
  A shadow imp (D:7)
  2 white imps
  A worm (D:3)
  A dart slug (D:1)
  21 orcs
  4 bats
  8 endoplasms
  2 giant cockroaches
  7 goblins
  7 hobgoblins
  2 jackals (D:1)
  12 kobolds
  5 quokkas
  6 ball pythons
  3 frilled lizards
  8 rats
149 creatures vanquished.

Vanquished Creatures (others)
  An unseen horror (D:8)
1 creature vanquished.

Grand Total: 150 creatures vanquished

Notes
Turn   | Place    | Note
-------+----------+-------------------------------------------
     0 | D:1      | qw the Naga Hunter began the quest for the Orb.
     0 | D:1      | Reached XP level 1. HP: 19/19 MP: 1/1
     0 | D:1      | 0 ||| qw: Version: 0.3-a-5-g6f28e65
     0 | D:1      | 0 ||| qw: Game counter: 492
     0 | D:1      | 0 ||| qw: Always use a shield: true
     0 | D:1      | 0 ||| qw: God list: Okawaru
     0 | D:1      | 0 ||| qw: Allow faded altars: false
     0 | D:1      | 0 ||| qw: Do Orc after D:15 true
     0 | D:1      | 0 ||| qw: Do second Lair branch before Depths: true
     0 | D:1      | 0 ||| qw: Lair rune preference: random
     0 | D:1      | 0 ||| qw: Plans: Normal
     0 | D:1      | 0 ||| PLANNING D:1-11
    21 | D:1      | 21 ||| INVOKING Spit Poison.
    59 | D:1      | 59 ||| INVOKING Spit Poison.
   123 | D:1      | 123 ||| INVOKING Spit Poison.
   182 | D:1      | 182 ||| INVOKING Spit Poison.
   188 | D:1      | 188 ||| INVOKING Spit Poison.
   191 | D:1      | Reached skill level 4 in Ranged Weapons
   191 | D:1      | Reached XP level 2. HP: 16/26 MP: 2/2
   349 | D:1      | 349 ||| INVOKING Spit Poison.
   389 | D:1      | 389 ||| INVOKING Spit Poison.
   392 | D:1      | 392 ||| INVOKING Spit Poison.
   551 | D:1      | 551 ||| INVOKING Spit Poison.
   598 | D:1      | 598 ||| INVOKING Spit Poison.
   601 | D:1      | 601 ||| INVOKING Spit Poison.
   637 | D:1      | Found Qushroh's Assorted Antiques.
   640 | D:1      | 640 ||| SHOPLISTING 2 bubbling brown potions (54 gold, have
                  | 27).
   640 | D:1      | 640 ||| SHOPLISTING dyed leather armour (150 gold, have
                  | 27).
   640 | D:1      | 640 ||| BUYING glowing sapphire potion (27 gold).
   640 | D:1      | Bought a glowing sapphire potion for 27 gold pieces
   640 | D:1      | 640 ||| SHOPLISTING scroll labelled ODOXUU WEBRA (30 gold,
                  | have 0).
   812 | D:1      | 812 ||| INVOKING Spit Poison.
   837 | D:1      | 837 ||| UPGRADING to +0 helmet.
   842 | D:1      | 842 ||| UPGRADING to +4 ring of protection.
   843 | D:1      | 843 ||| READING scroll labelled LEFEJI DEROLI.
   844 | D:1      | 844 ||| READING scroll labelled TOSIVUI CEOSIUJ.
   845 | D:1      | 845 ||| DROPPING scroll of butterflies.
   869 | D:2      | Reached XP level 3. HP: 32/32 MP: 3/3
   872 | D:2      | 872 ||| INVOKING Spit Poison.
   884 | D:2      | 884 ||| INVOKING Spit Poison.
   892 | D:2      | 892 ||| INVOKING Spit Poison.
   899 | D:2      | 899 ||| INVOKING Spit Poison.
   902 | D:2      | 902 ||| INVOKING Spit Poison.
   915 | D:2      | 915 ||| INVOKING Spit Poison.
   921 | D:2      | 921 ||| INVOKING Spit Poison.
   953 | D:2      | 953 ||| INVOKING Spit Poison.
   993 | D:2      | 993 ||| INVOKING Spit Poison.
   994 | D:2      | 994 ||| INVOKING Spit Poison.
  1022 | D:2      | 1022 ||| INVOKING Spit Poison.
  1030 | D:2      | 1030 ||| INVOKING Spit Poison.
  1073 | D:2      | 1073 ||| INVOKING Spit Poison.
  1100 | D:2      | 1100 ||| INVOKING Spit Poison.
  1103 | D:2      | 1103 ||| INVOKING Spit Poison.
  1106 | D:2      | 1106 ||| INVOKING Spit Poison.
  1107 | D:2      | Reached skill level 5 in Ranged Weapons
  1107 | D:2      | Reached XP level 4. HP: 39/39 MP: 4/4
  1142 | D:2      | 1142 ||| INVOKING Spit Poison.
  1169 | D:2      | 1169 ||| INVOKING Spit Poison.
  1193 | D:2      | 1193 ||| INVOKING Spit Poison.
  1198 | D:2      | 1198 ||| INVOKING Spit Poison.
  1201 | D:2      | 1201 ||| INVOKING Spit Poison.
  1301 | D:2      | Found a glowing silver altar of Zin.
  1306 | D:2      | 1306 ||| INVOKING Spit Poison.
  1397 | D:2      | Noticed Terence
  1398 | D:2      | 1398 ||| INVOKING Spit Poison.
  1401 | D:2      | 1401 ||| INVOKING Spit Poison.
  1404 | D:2      | Killed Terence
  1405 | D:2      | Reached skill level 3 in Fighting
  1610 | D:2      | 1610 ||| READING 3 scrolls labelled HUUQID SOHE.
  1613 | D:2      | 1613 ||| READING scroll labelled ZOKUN IJIOJO MAOL.
  1614 | D:2      | 1614 ||| READING scroll labelled IMAEDUVEAKH.
  1615 | D:2      | 1615 ||| READING scroll labelled HOCRAU BIQI.
  1616 | D:2      | 1616 ||| DRINKING 2 yellow potions.
  1619 | D:2      | 1619 ||| DRINKING 2 bubbling ruby potions.
  1620 | D:2      | 1620 ||| DROPPING potion of ambrosia.
  1621 | D:2      | 1621 ||| DROPPING potion of degeneration.
  1662 | D:3      | Found a blossoming altar of Fedhas.
  1666 | D:3      | 1666 ||| INVOKING Spit Poison.
  1681 | D:3      | 1681 ||| INVOKING Spit Poison.
  1686 | D:3      | 1686 ||| INVOKING Spit Poison.
  1689 | D:3      | 1689 ||| INVOKING Spit Poison.
  1734 | D:3      | 1734 ||| INVOKING Spit Poison.
  1776 | D:3      | 1776 ||| INVOKING Spit Poison.
  1779 | D:3      | 1779 ||| INVOKING Spit Poison.
  1785 | D:3      | 1785 ||| INVOKING Spit Poison.
  1789 | D:3      | 1789 ||| INVOKING Spit Poison.
  1792 | D:3      | 1792 ||| INVOKING Spit Poison.
  1796 | D:3      | 1796 ||| INVOKING Spit Poison.
  1799 | D:3      | Reached XP level 5. HP: 14/49 MP: 5/5
  1924 | D:3      | Found a sparkling altar of Nemelex Xobeh.
  1991 | D:3      | 1991 ||| INVOKING Spit Poison.
  2007 | D:3      | Noticed Sigmund
  2008 | D:3      | 2008 ||| INVOKING Spit Poison.
  2011 | D:3      | 2011 ||| INVOKING Spit Poison.
  2015 | D:3      | 2015 ||| INVOKING Spit Poison.
  2018 | D:3      | Killed Sigmund
  2019 | D:3      | Reached skill level 6 in Ranged Weapons
  2019 | D:3      | Reached XP level 6. HP: 45/56 MP: 6/6
  2114 | D:3      | 2114 ||| INVOKING Spit Poison.
  2133 | D:3      | 2133 ||| INVOKING Spit Poison.
  2223 | D:3      | 2223 ||| READING scroll of enchant armour.
  2223 | D:3      | 2223 ||| ENCHANTING +0 helmet.
  2256 | D:3      | 2256 ||| INVOKING Spit Poison.
  2267 | D:3      | Found a glowing silver altar of Zin.
  2408 | D:3      | Noticed Grinder
  2435 | D:3      | Killed Grinder
  2436 | D:3      | Reached XP level 7. HP: 66/66 MP: 7/7
  2470 | D:3      | 2470 ||| READING scroll labelled PUPUGO TILEU.
  2471 | D:3      | 2471 ||| DRINKING 2 silvery potions.
  2524 | D:4      | 2524 ||| INVOKING Spit Poison.
  2528 | D:4      | 2528 ||| INVOKING Spit Poison.
  2535 | D:4      | 2535 ||| INVOKING Spit Poison.
  2539 | D:4      | 2539 ||| INVOKING Spit Poison.
  2583 | D:4      | 2583 ||| INVOKING Spit Poison.
  2782 | D:4      | 2782 ||| INVOKING Spit Poison.
  2786 | D:4      | Reached skill level 7 in Ranged Weapons
  2832 | D:4      | 2832 ||| INVOKING Spit Poison.
  2833 | D:4      | 2833 ||| Stepping ~*~*~tactically~*~*~ (outnumbered).
  2835 | D:4      | 2835 ||| INVOKING Spit Poison.
  2839 | D:4      | 2839 ||| INVOKING Spit Poison.
  2887 | D:4      | 2887 ||| INVOKING Spit Poison.
  2890 | D:4      | 2890 ||| INVOKING Spit Poison.
  2905 | D:4      | 2905 ||| INVOKING Spit Poison.
  2995 | D:4      | 2995 ||| INVOKING Spit Poison.
  3266 | D:4      | 3266 ||| INVOKING Spit Poison.
  3346 | D:4      | 3346 ||| READING 2 scrolls labelled RUTOD WETERO.
  3347 | D:4      | 3347 ||| DRINKING 2 cyan potions.
  3348 | D:4      | 3348 ||| DROPPING scroll of poison.
  3364 | D:5      | Entered Level 5 of the Dungeon
  3377 | D:5      | 3377 ||| INVOKING Spit Poison.
  3393 | D:5      | Found a sacrificial altar of Ru.
  3448 | D:5      | 3448 ||| INVOKING Spit Poison.
  3460 | D:5      | 3460 ||| INVOKING Spit Poison.
  3475 | D:5      | 3475 ||| READING scroll of enchant armour.
  3475 | D:5      | 3475 ||| ENCHANTING +1 helmet.
  3557 | D:5      | 3557 ||| INVOKING Spit Poison.
  3560 | D:5      | Reached XP level 8. HP: 49/73 MP: 8/8
  3562 | D:5      | 3562 ||| INVOKING Spit Poison.
  3569 | D:5      | 3569 ||| INVOKING Spit Poison.
  3575 | D:5      | 3575 ||| INVOKING Spit Poison.
  3578 | D:5      | HP: 13/73 [orc priest/divine providence (14)]
  3579 | D:5      | 3579 ||| READING 3 scrolls of teleportation.
  3580 | D:5      | 3580 ||| INVOKING Spit Poison.
  3856 | D:5      | 3856 ||| INVOKING Spit Poison.
  3971 | D:5      | 3971 ||| INVOKING Spit Poison.
  3990 | D:5      | 3990 ||| INVOKING Spit Poison.
  3997 | D:5      | 3997 ||| INVOKING Spit Poison.
  4137 | D:5      | 4137 ||| UPGRADING to +3 leather armour.
  4147 | D:5      | 4147 ||| DROPPING +0 leather armour.
  4148 | D:5      | 4148 ||| UPGRADING to amulet of the acrobat.
  4153 | D:5      | 4153 ||| UPGRADING to ring of positive energy.
  4199 | D:6      | 4199 ||| STAIRDANCE
  4207 | D:5      | Reached skill level 8 in Ranged Weapons
  4266 | D:6      | 4266 ||| INVOKING Spit Poison.
  4271 | D:6      | 4271 ||| INVOKING Spit Poison.
  4278 | D:6      | 4278 ||| INVOKING Spit Poison.
  4285 | D:6      | 4285 ||| INVOKING Spit Poison.
  4289 | D:6      | 4289 ||| INVOKING Spit Poison.
  4292 | D:6      | 4292 ||| INVOKING Spit Poison.
  4299 | D:6      | 4299 ||| INVOKING Spit Poison.
  4306 | D:6      | Reached skill level 9 in Ranged Weapons
  4307 | D:6      | 4307 ||| INVOKING Spit Poison.
  4315 | D:6      | 4315 ||| INVOKING Spit Poison.
  4321 | D:6      | 4321 ||| INVOKING Spit Poison.
  4383 | D:6      | 4383 ||| INVOKING Spit Poison.
  4385 | D:6      | Reached skill level 1 in Armour
  4407 | D:6      | 4407 ||| Stepping ~*~*~tactically~*~*~ (outnumbered).
  4420 | D:6      | 4420 ||| INVOKING Spit Poison.
  4421 | D:6      | HP: 18/74 [orc warrior/+0 halberd (3)]
  4422 | D:6      | 4422 ||| READING 2 scrolls of teleportation.
  4423 | D:6      | HP: 6/74 [orc warrior/+0 halberd (12)]
  4424 | D:6      | 4424 ||| INVOKING Spit Poison.
  4800 | D:6      | 4800 ||| Stepping ~*~*~tactically~*~*~ (outnumbered).
  4806 | D:6      | 4806 ||| INVOKING Spit Poison.
  4808 | D:6      | Reached skill level 3 in Dodging
  4929 | D:6      | 4929 ||| INVOKING Spit Poison.
  4936 | D:6      | 4936 ||| INVOKING Spit Poison.
  4941 | D:6      | 4941 ||| INVOKING Spit Poison.
  4942 | D:6      | Reached XP level 9. HP: 82/82 MP: 9/9
  4947 | D:6      | 4947 ||| INVOKING Spit Poison.
  4951 | D:6      | 4951 ||| INVOKING Spit Poison.
  4955 | D:6      | 4955 ||| INVOKING Spit Poison.
  4957 | D:6      | Reached skill level 6 in Fighting
  4962 | D:6      | 4962 ||| INVOKING Spit Poison.
  4967 | D:6      | 4967 ||| INVOKING Spit Poison.
  4971 | D:6      | 4971 ||| INVOKING Spit Poison.
  5238 | D:6      | 5238 ||| INVOKING Spit Poison.
  5254 | D:6      | Noticed Blork the orc
  5257 | D:6      | 5257 ||| INVOKING Spit Poison.
  5260 | D:6      | Killed Blork the orc
  5276 | D:6      | Found a shimmering blue altar of Sif Muna.
  5286 | D:6      | 5286 ||| DRINKING 3 lumpy brown potions.
  5287 | D:6      | 5287 ||| DRINKING 2 fizzy grey potions.
  5287 | D:6      | Gained mutation: You are frail. (-10% HP) [potion of
                  | mutation]
  5287 | D:6      | Gained mutation: You have hidden genetic potential. [potion
                  | of mutation]
  5288 | D:6      | 5288 ||| DRINKING potion of mutation.
  5288 | D:6      | Lost mutation: You have hidden genetic potential. [potion
                  | of mutation]
  5288 | D:6      | Lost mutation: You are frail. (-10% HP) [potion of
                  | mutation]
  5288 | D:6      | Gained mutation: You are partially covered in iridescent
                  | scales. (AC +2) [potion of mutation]
  5288 | D:6      | Gained mutation: You have a pair of small horns on your
                  | head. [potion of mutation]
  5288 | D:6      | Gained mutation: You are mostly covered in iridescent
                  | scales. (AC +4) [potion of mutation]
  5313 | D:6      | 5313 ||| DROPPING +2 helmet.
  5314 | D:6      | 5314 ||| DROPPING potion of brilliance.
  5315 | D:6      | 5315 ||| DROPPING 2 potions of magic.
  5348 | D:7      | 5348 ||| INVOKING Spit Poison.
  5352 | D:7      | 5352 ||| INVOKING Spit Poison.
  5356 | D:7      | 5356 ||| INVOKING Spit Poison.
  5360 | D:7      | Reached skill level 10 in Ranged Weapons
  5364 | D:7      | Found Biseoso's Distillery.
  5370 | D:7      | 5370 ||| BUYING 2 potions of resistance (240 gold).
  5370 | D:7      | Bought 2 potions of resistance for 240 gold pieces
  5370 | D:7      | 5370 ||| SHOPLISTING potion of cancellation (96 gold, have
                  | 63).
  5370 | D:7      | 5370 ||| BUYING potion of curing (36 gold).
  5370 | D:7      | Bought a potion of curing for 36 gold pieces
  5370 | D:7      | 5370 ||| SHOPLISTING potion of heal wounds (60 gold, have
                  | 27).
  5370 | D:7      | 5370 ||| SHOPLISTING potion of mutation (96 gold, have 27).
  5375 | D:7      | 5375 ||| INVOKING Spit Poison.
  5376 | D:7      | 5376 ||| Stepping ~*~*~tactically~*~*~ (outnumbered).
  5380 | D:7      | 5380 ||| INVOKING Spit Poison.
  5386 | D:7      | 5386 ||| INVOKING Spit Poison.
  5392 | D:7      | 5392 ||| INVOKING Spit Poison.
  5396 | D:7      | 5396 ||| INVOKING Spit Poison.
  5593 | D:7      | 5593 ||| SWAPPING to +0 orcbow.
  5594 | D:7      | 5594 ||| INVOKING Spit Poison.
  5597 | D:7      | 5597 ||| Stepping ~*~*~tactically~*~*~ (outnumbered).
  5597 | D:7      | Found a staircase to the Ecumenical Temple.
  5598 | D:7      | 5598 ||| PLANNING TEMPLE
  5598 | D:7      | 5598 ||| INVOKING Spit Poison.
  5602 | D:7      | 5602 ||| INVOKING Spit Poison.
  5606 | D:7      | 5606 ||| INVOKING Spit Poison.
  5610 | D:7      | 5610 ||| INVOKING Spit Poison.
  5612 | D:7      | 5612 ||| INVOKING Spit Poison.
  5617 | D:7      | 5617 ||| INVOKING Spit Poison.
  5620 | D:7      | 5620 ||| INVOKING Spit Poison.
  5624 | D:7      | 5624 ||| INVOKING Spit Poison.
  5778 | D:7      | 5778 ||| DROPPING +0 shortbow.
  5787 | Temple   | Entered the Ecumenical Temple
  5857 | Temple   | 5857 ||| PLANNING OKAWARU WORSHIP
  5984 | Temple   | Became a worshipper of Warmaster Okawaru
  5985 | Temple   | 5985 ||| PLANNING D:1-11
  6084 | D:7      | 6084 ||| INVOKING Spit Poison.
  6093 | D:7      | 6093 ||| INVOKING Spit Poison.
  6098 | D:7      | 6098 ||| INVOKING Spit Poison.
  6102 | D:7      | 6102 ||| INVOKING Spit Poison.
  6120 | D:7      | 6120 ||| INVOKING Spit Poison.
  6173 | D:7      | 6173 ||| INVOKING Spit Poison.
  6224 | D:7      | 6224 ||| INVOKING Spit Poison.
  6231 | D:7      | 6231 ||| INVOKING Spit Poison.
  6260 | D:7      | 6260 ||| INVOKING Spit Poison.
  6265 | D:7      | 6265 ||| INVOKING Spit Poison.
  6270 | D:7      | 6270 ||| INVOKING Spit Poison.
  6303 | D:7      | Found a shadowy altar of Dithmenos.
  6433 | D:7      | 6433 ||| READING scroll labelled DYOJEX EBOLUMM.
  6434 | D:7      | 6434 ||| READING 2 scrolls of identify.
  6434 | D:7      | 6434 ||| IDENTIFYING smoky red potion
  6461 | D:8      | 6461 ||| INVOKING Spit Poison.
  6462 | D:8      | 6462 ||| STAIRDANCE
  6462 | D:8      | Noticed an unseen horror
  6524 | D:8      | Noticed a two-headed ogre
  6525 | D:8      | 6525 ||| INVOKING Spit Poison.
  6530 | D:8      | 6530 ||| INVOKING Spit Poison.
  6531 | D:8      | Killed an unseen horror
  6532 | D:8      | 6532 ||| STAIRDANCE
  6534 | D:7      | 6534 ||| INVOKING Spit Poison.
  6537 | D:7      | HP: 17/86 [two-headed ogre/+0 giant spiked club (8)]
  6538 | D:7      | 6538 ||| READING 2 scrolls of teleportation.
  6538 | D:7      | HP: 5/86 [two-headed ogre/+0 giant spiked club (12)]
  6538 | D:7      | HP: 2/86 [two-headed ogre/+0 giant spiked club (3)]
  6540 | D:7      | 6540 ||| INVOKING Spit Poison.
  6541 | D:7      | Slain by a two-headed ogre

Levels and vault maps discovered:
D:1:      roderic_dead_forest, layout_loops_corners, serial_shops,
          nicolae_shop_tiny_real_fake_doors
D:2:      layout_loops_ring, basic_altar, hangedman_abyss_or_decor_stabs,
          uniq_terence
D:3:      layout_loops_cross, lemuel_tele_altar, zin_academy,
          mainiacjoe_overflow_concentric_impassable, uniq_sigmund, uniq_grinder
D:4:      layout_loops_ring, minmay_misc_feat_tower
D:5:      layout_cave_pools, mainiacjoe_overflow_24_doors
D:6:      layout_rooms, tgw_sif, st_stairs_2, uniq_blork_the_orc
D:7:      layout_basic, nicolae_dithmenos_through_a_glass_darkly,
          minmay_temple_entry_sparse_star, serial_shops, shop
D:8:      layout_gridville, doesnt_xom_only_xom, minmay_misc_feat_alley
Temple:   bh_familiar_temple

Skill      XL: |  1  2  3  4  5  6  7  8  9 |
---------------+----------------------------+-----
Ranged Weapons | 4 5 6 7 9 10 | 10.9
Fighting       | 3 4 5 7 |  7.0
Dodging        | 2 3 |  3.0
Armour         | 1 |  1.0
Stealth        | |  1.5

Action                     |  1- 3 |  4- 6 |  7- 9 || total
---------------------------+-------+-------+-------++-------
   Fire: Shortbow          |    59 |    85 |   252 ||   396
         Orcbow            |       |       |    68 ||    68
Ability: Spit Poison       |    27 |    26 |    84 ||   137
    Use: Scroll            |     2 |     5 |     8 ||    15
         Potion            |       |     2 |     5 ||     7
 Armour: Leather armour    |     8 |    13 |   142 ||   163
  Dodge: Dodged            |     9 |    15 |   159 ||   183

Table legend:
 A = Non-vault XP
 B = Vault XP
 C = Vault XP percentage of total XP
 D = Non-vault monster count
 E = Vault monster count
 F = Vault count percentage of total count
                 A         B        C        D         E       F
            +---------+---------+-------+---------+---------+-------
      Total |    3691 |     808 |  18.0 |     142 |       8 |   5.3
            +---------+---------+-------+---------+---------+-------
        D:1 |      31 |       0 |   0.0 |      17 |       0 |   0.0
        D:2 |      78 |      36 |  31.6 |      26 |       1 |   3.7
        D:3 |      86 |     509 |  85.5 |      17 |       2 |  10.5
        D:4 |     333 |       0 |   0.0 |      15 |       0 |   0.0
        D:5 |     390 |       0 |   0.0 |      15 |       0 |   0.0
        D:6 |    1290 |     263 |  16.9 |      21 |       5 |  19.2
        D:7 |    1170 |       0 |   0.0 |      29 |       0 |   0.0
        D:8 |     313 |       0 |   0.0 |       2 |       0 |   0.0
            +---------+---------+-------+---------+---------+-------
